 Dungeon Crawl Stone Soup version 0.22.0-60-ga52c2fcf6e (webtiles) character file.

967 Riddle the Gusty (level 8, -2/57 HPs)
             Began as a Gnoll Air Elementalist on Sept 9, 2018.
             Was an Initiate of Sif Muna.
             Shot with an arrow by a centaur (8 damage)
             ... on level 5 of the Dungeon.
             The game lasted 00:17:28 (6998 turns).

Riddle the Gusty (Gnoll Air Elementalist)           Turns: 6998, Time: 00:17:29

Health: -2/57      AC:  8    Str: 12    XL:     8   Next: 15%
Magic:  9/16       EV: 15    Int: 19    God:    Sif Muna [......]
Gold:   195        SH:  0    Dex: 15    Spells: 11/18 levels left

rFire    . . .     SeeInvis .   x - +0 falchion
rCold    . . .     Gourm    .   (no shield)
rNeg     . . .     Faith    .   y - +0 robe
rPois    .         Spirit   .   z - +0 helmet
rElec    .         Reflect  .   j - +0 cloak
rCorr    +         Harm     .   (no gloves)
MR       .....                  (no boots)
Stlth    +++.......             (no amulet)
HPRegen  0.19/turn              f - ring of resist corrosion
MPRegen  0.15/turn              r - +4 ring of protection

@: swift, very quick
A: distributed training, fangs 1, strong nose
a: Renounce Religion


You were on level 5 of the Dungeon.
You worshipped Sif Muna.
Sif Muna was noncommittal.
You were very hungry.

You visited 2 branches of the dungeon, and saw 6 of its levels.

You collected 195 gold pieces.

Inventory:

Hand Weapons
 u - the +2 whip of the Vendetta {antimagic, MR+ Str+2}
   (You took it off an orc on level 3 of the Dungeon)

   It reduces the magical energy of the wielder, and disrupts the spells and
   magical abilities of those hit.
   Natural abilities and divine invocations are not affected.
   It affects your strength (+2).
   It affects your resistance to hostile enchantments.
 x - a +0 falchion (weapon)
Armour
 j - a +0 cloak (worn)
 v - the +4 chain mail of the Thunderstorm {rF+ Dex+5 Stlth+, unknown}
   (You took it off an orc on level 3 of the Dungeon)

   It affects your dexterity (+5).
   It protects you from fire.
   It makes you more stealthy.
 y - a +0 robe (worn)
 z - a +0 helmet (worn)
Jewellery
 f - a ring of resist corrosion (left hand)
 r - a +4 ring of protection (right hand)
 s - an uncursed amulet of guardian spirit
Wands
 q - a wand of iceblast (9)
Scrolls
 a - a scroll of enchant armour {unknown}
 b - a scroll of immolation {unknown}
 d - a scroll of fear
 e - 3 scrolls of teleportation
 g - a scroll of blinking
 h - a scroll of fog {unknown}
 i - 3 scrolls of remove curse
 n - a scroll of identify
 t - 2 scrolls of enchant weapon {unknown}
 w - a scroll of amnesia {unknown}
Potions
 k - a potion of curing {unknown}
 l - 3 potions of flight {unknown}
 m - a potion of resistance {unknown}
 o - 3 potions of heal wounds {unknown}
 p - a potion of agility {unknown}
Comestibles
 c - 12 rations


   Skills:
 + Level 2.9 Fighting
 + Level 2.9 Short Blades
 + Level 2.9 Long Blades
 + Level 2.9 Axes
 + Level 2.9 Maces & Flails
 + Level 2.9 Polearms
 + Level 2.9 Staves
 + Level 2.9 Slings
 + Level 2.9 Bows
 + Level 2.9 Crossbows
 + Level 2.9 Throwing
 + Level 2.9 Armour
 + Level 5.5 Dodging
 + Level 5.1 Stealth
 + Level 2.9 Shields
 + Level 2.9 Unarmed Combat
 + Level 5.8 Spellcasting
 + Level 3.2 Conjurations
 + Level 2.3 Hexes
 + Level 2.3 Charms
 + Level 2.3 Summonings
 + Level 2.3 Necromancy
 + Level 2.3 Translocations
 + Level 2.3 Transmutations
 + Level 2.3 Fire Magic
 + Level 2.3 Ice Magic
 + Level 6.0 Air Magic
 + Level 2.3 Earth Magic
 + Level 2.3 Poison Magic
 + Level 3.2 Invocations
 + Level 2.9 Evocations


You had 11 spell levels left.
You knew the following spells:

 Your Spells              Type           Power        Failure   Level  Hunger
a - Shock                 Conj/Air       ###.         1%          1    None
b - Airstrike             Air            ####......   10%         4    ####...
c - Swiftness             Chrm/Air       ###.....     3%          2    None

Your spell library contained the following spells:

 Spells                   Type           Power        Failure   Level  Hunger
 Static Discharge         Conj/Air       ###.....     4%          3    ##.....
 Lightning Bolt           Conj/Air       ###.......   43%         5    #####..


Dungeon Overview and Level Annotations

Branches:
Dungeon (5/15)             Temple (1/1) D:5

Altars:
Cheibriados
Gozag
Kikubaaqudgha
Makhleb
Nemelex Xobeh
Okawaru
Ru
Sif Muna
Trog
Uskayaw
Vehumet
Wu Jian
Xom
Yredelemnul
Zin
The Shining One
Beogh


Innate Abilities, Weirdness & Mutations

Your experience applies equally to all skills.
You have very sharp teeth.
Your uncanny sense of smell can sniff out nearby items.


Message History

The centaur shoots an arrow.
The arrow hits you!
Casting: Shock (safe; 1% risk of failure)
Confirm with . or Enter, or press ? or * to list all spells.
Aiming: Shock (safe; 1% risk of failure)
Press: ? - help, Shift-Dir - straight line, f/p - centaur
Aim: a centaur, wielding a shortbow (heavily wounded)
The zap hits the centaur.
The centaur is heavily wounded.
The centaur shoots an arrow.
The arrow hits you.
The centaur shoots an arrow.
The arrow misses you.
You see here an arrow.
You start resting.
The centaur shoots an arrow.
The arrow hits you!
* * * LOW HITPOINT WARNING * * *
Casting: Shock (safe; 1% risk of failure)
Confirm with . or Enter, or press ? or * to list all spells.
You feel quick.
The centaur shoots an arrow.
The arrow hits you.
* * * LOW HITPOINT WARNING * * *
The centaur shoots an arrow.
The arrow hits you!
You die...

##############################.#
#......#...........(...........#
#.##.###.#####################.#
#.##.# #.# # #.# #.##.#
#.############ . #.## #....#
#.#..........#.#### #... #.##.#
#.#.##########....# ###.
####.###.#.#######.....#.# #...
...#...........(@(.......# ####
)...####..########c###.## ....#
#..#............$.# ....#
#..#..../.......#.# ##.##
#..#########.#..# #.#
#.......... ......
#.######.######## .#.c#.#
#........# .#. . # ###########
.# ...


You could see a centaur.

Vanquished Creatures
  The ghost of Azzok the Firebug, an amateur DsFE (D:3)
  2 scorpions (D:4)
  A crimson imp (D:4)
  2 gnoll shamans
  3 orc priests
  3 hounds
  5 orc wizards
  2 worker ants
  8 gnolls
  4 adders
  3 oozes
  An adder zombie (D:3)
  4 worms
  5 dart slugs
  2 leopard geckos
  31 orcs
  9 bats
  4 bat zombies (D:4)
  4 giant cockroaches
  12 goblins
  8 hobgoblins
  6 jackals
  6 kobolds
  3 quokkas
  A frilled lizard (D:2)
  A leopard gecko skeleton (D:4)
  10 rats
  A rat zombie (D:4)
142 creatures vanquished.

Vanquished Creatures (others)
  A kobold (D:3)
1 creature vanquished.

Grand Total: 143 creatures vanquished

Notes
Turn   | Place    | Note
-------+----------+-------------------------------------------
     0 | D:1      | Riddle the Gnoll Air Elementalist began the quest for the
                  | Orb.
     0 | D:1      | Reached XP level 1. HP: 13/13 MP: 6/6
   163 | D:1      | Reached XP level 2. HP: 19/19 MP: 5/7
   648 | D:1      | Reached XP level 3. HP: 25/25 MP: 6/9
   663 | D:1      | Reached skill level 5 in Spellcasting
  1225 | D:2      | Reached skill level 1 in Invocations
  1397 | D:2      | Reached skill level 1 in Fighting
  1397 | D:2      | Reached skill level 1 in Short Blades
  1397 | D:2      | Reached skill level 1 in Long Blades
  1397 | D:2      | Reached skill level 1 in Axes
  1397 | D:2      | Reached skill level 1 in Maces & Flails
  1397 | D:2      | Reached skill level 1 in Polearms
  1397 | D:2      | Reached skill level 1 in Staves
  1397 | D:2      | Reached skill level 1 in Slings
  1397 | D:2      | Reached skill level 1 in Bows
  1397 | D:2      | Reached skill level 1 in Crossbows
  1397 | D:2      | Reached skill level 1 in Throwing
  1397 | D:2      | Reached skill level 1 in Armour
  1397 | D:2      | Reached skill level 1 in Shields
  1397 | D:2      | Reached skill level 1 in Unarmed Combat
  1397 | D:2      | Reached skill level 1 in Evocations
  1490 | D:2      | Reached XP level 4. HP: 31/32 MP: 2/11
  1573 | D:2      | Learned a level 4 spell: Airstrike
  1576 | D:2      | Learned a level 2 spell: Swiftness
  1764 | D:2      | Found a sparkling altar of Nemelex Xobeh.
  2129 | D:2      | Reached skill level 1 in Hexes
  2129 | D:2      | Reached skill level 1 in Charms
  2129 | D:2      | Reached skill level 1 in Summonings
  2129 | D:2      | Reached skill level 1 in Necromancy
  2129 | D:2      | Reached skill level 1 in Translocations
  2129 | D:2      | Reached skill level 1 in Transmutations
  2129 | D:2      | Reached skill level 1 in Fire Magic
  2129 | D:2      | Reached skill level 1 in Ice Magic
  2129 | D:2      | Reached skill level 1 in Earth Magic
  2129 | D:2      | Reached skill level 1 in Poison Magic
  2525 | D:3      | Found a runed gate.
  2525 | D:3      | Found a runed gate.
  2536 | D:3      | Reached XP level 5. HP: 37/37 MP: 4/12
  2601 | D:3      | Found a runed gate.
  2605 | D:3      | Noticed Azzok's ghost (amateur DsFE)
  2606 | D:3      | Found a roughly hewn altar of Beogh.
  3202 | D:3      | Found a glowing golden altar of the Shining One.
  3205 | D:3      | Noticed an angel
  3210 | D:3      | Found a basalt altar of Yredelemnul.
  3212 | D:3      | Noticed a profane servitor
  3235 | D:3      | Killed Azzok's ghost
  3235 | D:3      | Reached XP level 6. HP: 44/44 MP: 0/14
  3284 | D:3      | Got a faintly glowing whip {antimagic}
  3284 | D:3      | Got a spiked chain mail
  3287 | D:3      | Identified the +2 whip of the Vendetta {antimagic, MR+
                  | Str+2} (You took it off an orc on level 3 of the Dungeon)
  3364 | D:3      | Reached skill level 5 in Dodging
  4359 | D:3      | Reached XP level 7. HP: 35/50 MP: 2/15
  5402 | D:4      | Reached skill level 5 in Stealth
  5627 | D:4      | Found a burning altar of Makhleb.
  5627 | D:4      | Found a radiant altar of Vehumet.
  5689 | D:4      | Found a shimmering altar of Xom.
  5794 | D:4      | Reached XP level 8. HP: 57/57 MP: 6/16
  5894 | D:4      | Found an ancient bone altar of Kikubaaqudgha.
  6151 | D:5      | Entered Level 5 of the Dungeon
  6175 | D:5      | Reached skill level 6 in Air Magic
  6544 | D:5      | Found a staircase to the Ecumenical Temple.
  6612 | Temple   | Entered the Ecumenical Temple
  6739 | Temple   | Became a worshipper of Sif Muna the Loreminder
  6998 | D:5      | Shot with an arrow by a centaur

Skill      XL: |  1  2  3  4  5  6  7  8 |
---------------+-------------------------+-----
Conjurations   | 2 3 |  3.2
Spellcasting   | 5 |  5.8
Invocations    | 1 2 3 |  3.2
Fighting       | 1 2 |  2.9
Short Blades   | 1 2 |  2.9
Long Blades    | 1 2 |  2.9
Axes           | 1 2 |  2.9
Maces & Flails | 1 2 |  2.9
Polearms       | 1 2 |  2.9
Staves         | 1 2 |  2.9
Slings         | 1 2 |  2.9
Bows           | 1 2 |  2.9
Crossbows      | 1 2 |  2.9
Throwing       | 1 2 |  2.9
Armour         | 1 2 |  2.9
Shields        | 1 2 |  2.9
Unarmed Combat | 1 2 |  2.9
Evocations     | 1 2 |  2.9
Hexes          | 1 2 |  2.3
Charms         | 1 2 |  2.3
Summonings     | 1 2 |  2.3
Necromancy     | 1 2 |  2.3
Translocations | 1 2 |  2.3
Transmutations | 1 2 |  2.3
Fire Magic     | 1 2 |  2.3
Ice Magic      | 1 2 |  2.3
Earth Magic    | 1 2 |  2.3
Poison Magic   | 1 2 |  2.3
Dodging        | 5 |  5.5
Stealth        | 5 |  5.1
Air Magic      | 6 |  6.0

Action                   |  1- 3 |  4- 6 |  7- 9 || total
-------------------------+-------+-------+-------++-------
Melee: Unarmed           |     7 |     6 |       ||    13
       Bite              |     1 |     4 |     3 ||     8
       Short sword       |     1 |    13 |       ||    14
       Flail             |       |     4 |       ||     4
       Falchion          |       |     1 |    24 ||    25
       Punch             |       |       |     1 ||     1
 Cast: Shock             |    83 |   121 |    94 ||   298
       Airstrike         |       |    20 |    24 ||    44
       Swiftness         |       |       |     1 ||     1
  Use: Scroll            |       |     5 |       ||     5
 Stab: Sleeping          |     1 |       |       ||     1
  Eat: Chunk             |     1 |    12 |     8 ||    21
       Ration            |       |       |     1 ||     1
Armor: Robe              |    22 |    17 |    19 ||    58
Dodge: Dodged            |    60 |    78 |    63 ||   201
       Rpst.: Falchion   |       |     3 |    17 ||    20
